 Dungeon Crawl Stone Soup version 0.28.0 (webtiles) character file.

Game seed: 5871599954401002070

23 Armakuni the Grasshopper (level 2, 0/18 HPs)
             Began as a Deep Elf Warper on Feb 17, 2022.
             Slain by a dart slug (2 damage)
             ... on level 1 of the Dungeon.
             The game lasted 00:01:24 (808 turns).

Armakuni the Grasshopper (Deep Elf Warper)           Turns: 808, Time: 00:01:24

Health: 0/18       AC:  3    Str:  8    XL:     2   Next: 72%
Magic:  8/8        EV: 12    Int: 17    God:
Gold:   14         SH:  0    Dex: 14    Spells: 7/7 levels left

rFire   . . .      SeeInvis .   a - +0 short sword
rCold   . . .      Faith    .   (no shield)
rNeg    . . .      Spirit   .   b - +0 leather armour
rPois   .          Reflect  .   (no helmet)
rElec   .          Harm     .   (no cloak)
rCorr   .          Rampage  .   (no gloves)
Will    .....                   (no boots)
Stlth   +.........              (no amulet)
HPRegen 0.06/turn               (no ring)
MPRegen 0.11/turn               (no ring)

@: no status effects
A: no striking features
a: no special abilities


You were on level 1 of the Dungeon.
You visited 1 branch of the dungeon, and saw 1 of its levels.

You collected 14 gold pieces.

Inventory:

Hand Weapons
 a - a +0 short sword (weapon)
Missiles
 d - 5 boomerangs of dispersal
 e - 15 stones (quivered)
Armour
 b - a +0 leather armour (worn)
Scrolls
 c - a scroll of blinking
 f - a scroll of silence {unknown}


   Skills:
 + Level 2.7 Fighting
 - Level 2.0 Short Blades
 - Level 1.0 Throwing
 - Level 0.7 Armour
 - Level 2.4 Dodging
 - Level 3.0 Spellcasting
 - Level 3.2 Translocations


You had 7 spell levels left.
You didn't know any spells.
Your spell library contained the following spells:

 Spells                   Type           Power      Damage    Failure   Level
 Blink                    Tloc           26%        N/A       10%         2
 Gell's Gravitas          Tloc           13%        N/A       19%         3
 Lesser Beckoning         Tloc           13%        N/A       19%         3
 Teleport Other           Tloc           13%        N/A       19%         3
 Manifold Assault         Tloc           13%        N/A       87%         5


Dungeon Overview and Level Annotations

Branches:
Dungeon (1/15)

Altars:


Message History

The dart slug is almost dead.
The dart slug launches a dart at you. The slug dart misses you.
You hit the dart slug.
You kill the dart slug!
The bat completely misses you. The bat hits you but does no damage.
The dart slug launches a dart at you. The slug dart hits you.
There is an open door here.
Things that are here:
a +0 club; a dart slug corpse; a kobold corpse You hit the dart slug but do no damage.
The bat misses you. The dart slug bites you.
The bat hits you but does no damage.
You aren't carrying any potions.
Okay, then.
You aren't carrying any items that you can evoke.
You barely miss the bat. The bat closely misses you.
The dart slug launches a dart at you. The slug dart hits you.
* * * LOW HITPOINT WARNING * * *
You close the door, pushing everything out of the way.
You see here a dart slug corpse.
You start resting.
A bat is nearby!
You hit the bat.
The bat is moderately wounded.
The bat hits you.
* * * LOW HITPOINT WARNING * * *
The bat hits you but does no damage.
You barely miss the bat.
The bat is moderately wounded.
The bat closely misses you.
You hit the bat.
You kill the bat!
You start resting.
A dart slug is nearby!
The dart slug bites you.
You die...

# #.#..................#...##.
### #.#...............####.#.##.
..####.#........###.##......#.##.
.......###.......#..#########....
#####.##......##.#.## #####
#.##......##.#.###
..##......##.....#
...##......##.....#
.....#.....w+†@....#
......#....b.###w...#
..........(... #....#
.....##.##.... .....# #.$..
......# .............# ..#.#..
....# ....... .....


You could see a dart slug.

Vanquished Creatures
  A dart slug (D:1)
  A ball python (D:1)
  2 endoplasms (D:1)
  2 giant cockroaches (D:1)
  2 hobgoblins (D:1)
  2 kobolds (D:1)
  3 quokkas (D:1)
  3 bats (D:1)
  A rat (D:1)
17 creatures vanquished.

Notes
Turn   | Place    | Note
-------+----------+-------------------------------------------
     0 | D:1      | Armakuni the Deep Elf Warper began the quest for the Orb.
     0 | D:1      | Reached XP level 1. HP: 12/12 MP: 6/6
   202 | D:1      | Reached XP level 2. HP: 8/17 MP: 8/8
   527 | D:1      | Found a faded altar of an unknown god.
   808 | D:1      | Slain by a dart slug

Illustrated notes

Levels and vault maps discovered:
D:1:      wander_arrival_peaceful_grave, layout_basic,
          chequers_ecumenical_altar_twisty

Skill      XL: |  1 |
---------------+----+-----
Fighting       | 2 |  2.7
Short Blades   | |  2.0
Throwing       | |  1.0
Armour         | |  0.7
Dodging        | |  2.4
Spellcasting   | |  3.0
Translocations | |  3.2

Action                   || total
-------------------------++-------
Melee: Short sword       ||    75
Throw: Stone             ||    25
Armor: Leather armour    ||    20
Dodge: Dodged            ||    47
